 Dungeon Crawl Stone Soup version 0.20-a0-522-g0b37eee (webtiles) character file.

7814 Duffy the Cleaver (level 11, -6/96 HPs)
             Began as a Naga Fighter on Jan 26, 2017.
             Was a Believer of Makhleb.
             Mangled by a two-headed ogre
             ... wielding a +0 giant spiked club
              (13 damage)
             ... on level 10 of the Dungeon.
             The game lasted 00:10:53 (8537 turns).

Duffy the Cleaver (Naga Fighter)                    Turns: 8537, Time: 00:10:54

Health: -6/96      AC: 23    Str: 21    XL:     11   Next: 21%
Magic:  4/4        EV:  5    Int: 14    God:    Makhleb [**....]
Gold:   129        SH: 13    Dex: 13    Spells: 10/10 levels left

rFire    . . .     SeeInvis +   H - +4 war axe (antimagic)
rCold    . . .     Gourm    .   D - +6 chain mail "Hozipn" {-Tele MR+ Int+4}
rNeg     . . .     Faith    .   I - +2 shield {AC+3}
rPois    +         Spirit   .   e - +0 helmet
rElec    .         Reflect  .   y - +0 cloak
rCorr    .         Harm     .   j - +2 pair of gloves {Dex+3}
MR       ++...     NoTele   +   (no barding)
Stlth    ..........             p - amulet of rage
Regen    0.3/turn               (no ring)
                                (no ring)

@: exhausted, slowed, invisible, very slow
A: see invisible, deformed body, poison resistance, slowness 2, slow metabolism
1, spit poison 1, AC +3
a: Spit Poison, Minor Destruction, Renounce Religion, Evoke Berserk Rage


You were on level 10 of the Dungeon.
You worshipped Makhleb.
Makhleb was pleased with you.
You were hungry.

You visited 2 branches of the dungeon, and saw 11 of its levels.
You also visited: Sewer.

You collected 333 gold pieces.
You spent 204 gold pieces at shops.

Inventory:

Hand Weapons
 a - a +0 war axe
 H - a +4 antimagic war axe (weapon)
Missiles
 v - a throwing net (quivered)
Armour
 e - a +0 helmet (worn)
 j - a +2 pair of gloves of dexterity (worn)
 y - a +0 cloak (worn)
 D - the +6 chain mail "Hozipn" (worn) {-Tele MR+ Int+4}
   (You found it on level 5 of the Dungeon)

   It affects your intelligence (+4).
   It affects your resistance to hostile enchantments.
   It prevents most forms of teleportation.
 I - a +2 shield of protection (worn)
Jewellery
 p - an amulet of rage (around neck)
 F - an uncursed amulet of regeneration
 N - an uncursed amulet of guardian spirit
Wands
 A - a wand of polymorph (12/24)
 P - a wand of flame (19/48)
 Q - a wand of iceblast (11/15)
Scrolls
 h - 2 scrolls of enchant weapon
 k - a scroll of recharging {unknown}
 t - 4 scrolls of teleportation
 u - a scroll of magic mapping
 B - a scroll of immolation {unknown}
 E - 2 scrolls of remove curse
 J - a scroll of holy word {unknown}
 K - a scroll of blinking {unknown}
 L - a scroll of silence {unknown}
 M - 2 scrolls of enchant armour
 R - a scroll of identify
Potions
 b - a potion of resistance
 c - a potion of berserk rage
 d - 2 potions of might
 i - 2 potions of flight
 l - 4 potions of magic {unknown}
 m - 3 potions of haste {unknown}
 n - 4 potions of lignification {unknown}
 r - a potion of cancellation
 w - a potion of cure mutation
 x - 3 potions of brilliance {unknown}
 z - a potion of ambrosia
 G - 2 potions of curing
Miscellaneous
 O - 2 phantom mirrors
Comestibles
 f - 6 bread rations
 g - 17 fruits
 o - 5 meat rations
 q - 24 chunks of flesh
 C - 3 royal jellies


   Skills:
 + Level 5.3 Fighting
 + Level 11.1 Axes
 + Level 4.4 Armour
 - Level 9.0 Shields
 - Level 5.0 Evocations


You had 10 spell levels left.
You didn't know any spells.

Dungeon Overview and Level Annotations

Branches:
Dungeon (10/15)            Temple (1/1) D:7            Lair (0/6) D:8
    Orc: D:9-12

Altars:
Ashenzari
Cheibriados
Dithmenos
Elyvilon
Fedhas
Gozag
Hepliaklqana
Kikubaaqudgha
Makhleb
Nemelex Xobeh
Okawaru
Qazlal
Ru
Sif Muna
Trog
Uskayaw
Vehumet
Xom
Yredelemnul
Zin
The Shining One

Shops:
D:4 [   D:5 (   D:6 ?


Innate Abilities, Weirdness & Mutations

You cannot wear boots.
Your serpentine skin is tough. (AC +3)
You have supernaturally acute eyesight. (SInv)
Armour fits poorly on your strangely shaped body.
Your system is resistant to poisons. (rPois)
You cover ground very slowly.
You have a slow metabolism.
You can spit poison.


Message History

You slash the two-headed ogre!
The two-headed ogre is moderately wounded.
The two-headed ogre hits you but does no damage.
The two-headed ogre hits you with a giant club.
You barely miss the two-headed ogre.
The two-headed ogre is moderately wounded.
The two-headed ogre hits you with a giant spiked club!
You block the two-headed ogre's attack.
You hit the two-headed ogre.
The two-headed ogre is moderately wounded.
You are no longer berserk.
You are exhausted.
You feel yourself slow down.
You slash the two-headed ogre!
The two-headed ogre is severely wounded.
You block the two-headed ogre's attack.
The two-headed ogre hits you with a giant club!
You fade into invisibility!
The two-headed ogre hits you with a giant spiked club!
You die...

.. #.....#####
...#...<...[.###
.........##)...##
........###)#...### #
.(...#.##..###...######.#
.............###.........
.....##T...#.....####.#.#
.... ####O####.........#
.O. #.@# ####..##... ..
#.....# #..##.# # #.###.#
#...#.#### #.# ...
##.#...#... #.#
#..#..##...... >.. #.#
#...##...#... ... #.#
###.....##... ...######.#
#.##..##... #.#......#
#.##..###..


You could see a two-headed ogre.

Vanquished Creatures
  Snorg (D:10)
  A two-headed ogre (D:9)
  An elephant (D:8)
  A gargoyle (D:10)
  A hippogriff (D:9)
  Prince Ribbit (D:5)
  Sigmund (D:5)
  6 yaks
  A hungry ghost (D:8)
  A water moccasin (D:10)
  An ice beast (D:10)
  3 sky beasts
  An orc warrior (D:10)
  A black bear (D:10)
  A necrophage (D:9)
  4 ogres
  3 eyes of draining
  2 phantoms (D:8)
  3 centaurs
  Blork the orc (D:4)
  4 crocodiles
  9 bullfrogs
  A wyvern skeleton (D:9)
  A scorpion (D:7)
  3 wights (D:8)
  A howler monkey (D:9)
  7 crimson imps
  2 jellies
  4 orc priests
  3 hounds
  7 orc wizards
  An iguana (D:9)
  4 worker ants
  A hound zombie (D:8)
  3 hound skeletons
  9 gnolls
  2 worker ant zombies
  11 adders
  3 shadow imps
  An ooze (D:4)
  An adder zombie (D:7)
  4 worms
  3 dart slugs
  4 leopard geckos
  20 orcs
  7 bats
  11 giant cockroaches
  8 goblins
  8 hobgoblins
  19 jackals
  8 kobolds
  4 quokkas
  3 ball pythons
  6 frilled lizards
  A quokka zombie (D:6)
  10 rats
229 creatures vanquished.

Notes
Turn   | Place    | Note
-------+----------+-------------------------------------------
     0 | D:1      | Duffy the Naga Fighter began the quest for the Orb.
     0 | D:1      | Reached XP level 1. HP: 21/21 MP: 1/1
   189 | D:1      | Reached XP level 2. HP: 24/28 MP: 2/2
   622 | D:1      | Reached XP level 3. HP: 34/34 MP: 3/3
  1184 | D:2      | Reached skill level 3 in Axes
  1342 | D:2      | Reached XP level 4. HP: 34/42 MP: 4/4
  2414 | D:3      | Reached XP level 5. HP: 26/49 MP: 5/5
  2422 | D:3      | Reached skill level 4 in Axes
  2899 | D:3      | Reached XP level 6. HP: 51/56 MP: 6/6
  3421 | D:4      | Found Yrghixor's Armour Shoppe.
  3424 | D:4      | Bought a +0 cloak for 45 gold pieces
  3450 | D:4      | Noticed Blork the orc
  3459 | D:4      | Killed Blork the orc
  3765 | D:4      | Reached skill level 5 in Axes
  3765 | D:4      | Reached XP level 7. HP: 22/62 MP: 7/7
  4165 | D:4      | Found a blossoming altar of Fedhas.
  4339 | D:5      | Entered Level 5 of the Dungeon
  4378 | D:5      | Reached skill level 5 in Shields
  4438 | D:5      | Got an ancient chain mail
  4449 | D:5      | Identified the +6 chain mail "Hozipn" {-Tele MR+ Int+4} (You found it on level 5 of the Dungeon)
  4585 | D:5      | Noticed Sigmund
  4593 | D:5      | Killed Sigmund
  4593 | D:5      | Reached skill level 6 in Axes
  4645 | D:5      | Found Kilabuh's Weapon Shop.
  4715 | D:5      | Noticed Prince Ribbit
  4731 | D:5      | Killed Prince Ribbit
  4731 | D:5      | Reached XP level 8. HP: 53/69 MP: 8/8
  5149 | D:6      | Reached skill level 7 in Axes
  5161 | D:6      | Found a bloodstained altar of Trog.
  5546 | D:6      | Found a glowing drain.
  5551 | Sewer    | Entered a sewer
  5604 | Sewer    | Reached skill level 8 in Axes
  5604 | Sewer    | Reached XP level 9. HP: 75/75 MP: 3/9
  5995 | D:6      | Found Rumoew's Magic Scroll Emporium.
  5998 | D:6      | Bought a scroll of identify for 22 gold pieces
  5998 | D:6      | Bought a scroll of identify for 22 gold pieces
  5998 | D:6      | Bought a scroll of identify for 22 gold pieces
  6303 | D:6      | Bought a scroll of random uselessness for 11 gold pieces
  6303 | D:6      | Bought a scroll of enchant armour for 82 gold pieces
  6541 | D:7      | Found a staircase to the Ecumenical Temple.
  6552 | Temple   | Entered the Ecumenical Temple
  6703 | Temple   | Became a worshipper of Makhleb the Destroyer
  7084 | D:8      | Reached skill level 9 in Axes
  7132 | D:8      | Reached skill level 1 in Evocations
  7316 | D:8      | Noticed an elephant
  7337 | D:8      | Killed an elephant
  7341 | D:8      | Reached XP level 10. HP: 68/84 MP: 4/12
  7373 | D:8      | Found a staircase to the Lair.
  7510 | D:9      | Reached * piety under Makhleb
  7656 | D:9      | Noticed a two-headed ogre
  7670 | D:9      | Killed a two-headed ogre
  7670 | D:9      | Reached skill level 10 in Axes
  7789 | D:9      | Reached skill level 5 in Evocations
  8142 | D:10     | Entered Level 10 of the Dungeon
  8352 | D:10     | Noticed a gargoyle
  8367 | D:10     | Killed a gargoyle
  8395 | D:10     | Reached ** piety under Makhleb
  8435 | D:10     | Reached XP level 11. HP: 91/93 MP: 4/14
  8497 | D:10     | Reached skill level 5 in Fighting
  8510 | D:10     | Noticed Snorg
  8510 | D:10     | Noticed a two-headed ogre
  8531 | D:10     | Killed Snorg
  8531 | D:10     | Reached skill level 11 in Axes
  8537 | D:10     | Mangled by a two-headed ogre

Vault maps used:
D:1:      dpeg_arrival_arbitrary_b
D:2:      first_bread, serial_bayou_crossing
D:4:      serial_shops, nicolae_shop_stone, fedhas_altar_fruit_tree,
          uniq_blork_the_orc
D:5:      serial_shops, nicolae_shop_trees, uniq_prince_ribbit1, uniq_sigmund
D:6:      trog_eyes_of_draining, portal_sewer_entry_e, serial_shops,
          kennysheep_mini_moat
D:7:      minmay_temple_entry_trees
D:8:      david_lair_generic, david_nohive_1
D:10:     uniq_snorg
Temple:   regret_index_temple_chain_breaker
Sewer:    sewer_the_crocodile

Skill      XL: |  1  2  3  4  5  6  7  8  9 10 11 |
---------------+----------------------------------+-----
Shields        | 3 4 6 7 8 9 |  9.0
Axes           | 3 4 5 6 8 9 10 11 | 11.1
Evocations     | 3 5 |  5.0
Armour         | 3 4 |  4.4
Fighting       | 4 5 |  5.3

Action                   |  1- 3 |  4- 6 |  7- 9 | 10-12 || total
-------------------------+-------+-------+-------+-------++-------
Melee: War axe           |   115 |   169 |   379 |   254 ||   917
 Abil: Spit Poison       |     2 |     2 |     2 |       ||     6
       Evoke Berserk Rag |       |       |       |     1 ||     1
  Use: Scroll            |       |       |    14 |     4 ||    18
       Potion            |       |       |       |     1 ||     1
  Eat: Chunk             |     1 |     6 |    10 |     7 ||    24
Armor: Scale mail        |    65 |    66 |       |       ||   131
       Chain mail        |       |    14 |   186 |   108 ||   308
Dodge: Dodged            |    39 |    30 |    56 |    30 ||   155
Block: Shield            |    57 |    91 |   217 |   137 ||   502
